 Dungeon Crawl Stone Soup version 0.30-a0-561-g1b0378597e (webtiles) character file.

Game seed: 2263321114537670255

154 Conn the Firebug (level 5, -5/32 HPs)
             Began as an Octopode Fire Elementalist on Dec 28, 2022.
             Blown up by Ijyb (6 damage)
             ... with a mindburst bolt
             ... on level 3 of the Dungeon.
             The game lasted 00:09:54 (2649 turns).

Conn the Firebug (Octopode Fire Elementalist)       Turns: 2649, Time: 00:09:54

Health: -5/32      AC:  1    Str:  7    XL:     5   Next: 35%
Magic:  1/10       EV: 13    Int: 19    God:
Gold:   95         SH:  0    Dex: 13    Spells: 1/10 levels left

rFire   . . .      SeeInvis .    i - +2 short sword (freeze)
rCold   . . .      Faith    .    (no shield)
rNeg    . . .      Spirit   .    (helmet restricted)
rPois   .          Reflect  .    (no amulet)
rElec   .          Harm     .    (no ring)
rCorr   .          Rampage  .    (no ring)
Will    .....                    (no ring)
Stlth   +++                      (no ring)
HPRegen 0.25/turn                (no ring)
MPRegen 0.12/turn                (no ring)
                                 (no ring)
                                 (no ring)

@: no status effects
A: almost no armour, amphibious, 8 rings, camouflage 1, gelatinous body 1,
(nimble swimmer 1), tentacles
a: no special abilities


You were on level 3 of the Dungeon.
You visited 1 branch of the dungeon, and saw 3 of its levels.

You collected 95 gold pieces.

Inventory:

Hand Weapons
 c - a +0 dagger
 i - a +2 short sword of freezing (weapon)
Scrolls
 e - a scroll of fear {unknown}
 k - 2 scrolls of amnesia {unknown}
 m - a scroll of acquirement {unknown}
 n - a scroll of noise
 o - a scroll of magic mapping {unknown}
 p - a scroll of immolation {unknown}
Potions
 b - a potion of resistance
 f - 3 potions of curing
 h - a potion of brilliance
 j - a potion of lignification {unknown}
 l - a potion of cancellation {unknown}


   Skills:
 + Level 0.6 Fighting
 + Level 0.8 Short Blades
 + Level 2.3 Dodging
 + Level 3.1 Stealth
 + Level 3.4 Spellcasting
 + Level 1.6 Conjurations
 + Level 4.1 Fire Magic


You had one spell level left.
You knew the following spells:

 Your Spells              Type           Power      Damage    Failure   Level
a - Foxfire               Conj/Fire      56%        2x1d6     4%          1
b - Kindle Blastsparks    Fire/Tloc/Air  16%        2d11      26%         3
c - Inner Flame           Hex/Fire       11%        N/A       19%         3
e - Scorch                Fire           36%        2d6       4%          2

Your spell library contained the following spells:

 Spells                   Type           Power      Damage    Failure   Level
 Kiss of Death            Conj/Necr      24%        2d7       11%         1
 Confusing Touch          Hex            3%         N/A       41%         3
 Flame Wave               Conj/Fire      14%        2d6       41%         4
 Dispel Undead            Necr           3%         3d7       82%         4


Dungeon Overview and Level Annotations

Branches:
Dungeon (3/15)

Altars:
Fedhas
Xom

Annotations:
D:3 Ijyb


Innate Abilities, Weirdness & Mutations

You cannot wear most types of armour.
You are amphibious.
You can wear up to eight rings at the same time.
Your skin changes colour to match your surroundings (Stealth+).
Your rubbery body absorbs attacks. (AC +1, EV +1)
((You are camouflaged when in or above water. (Stealth+)))
You have tentacles for arms and can constrict up to eight enemies at once.


Message History

You constrict Ijyb, but do no damage.
Ijyb zaps a wand.
Your mind is blasted!
Ouch! That really hurt!
* * * LOW HITPOINT WARNING * * *
You feel much better.
You constrict Ijyb, but do no damage. Ijyb hits you with a +0 club.
You barely miss Ijyb.
Ijyb is moderately wounded.
You constrict Ijyb. Ijyb hits you with a +0 club.
You hit Ijyb but do no damage. You squeeze Ijyb.
Ijyb is heavily wounded.
You constrict Ijyb, but do no damage. Ijyb misses you.
You hit Ijyb but do no damage. You squeeze Ijyb.
Ijyb is severely wounded.
You constrict Ijyb, but do no damage. Ijyb hits you with a +0 club.
You hit Ijyb but do no damage. You squeeze Ijyb, but do no damage.
Ijyb is severely wounded.
You constrict Ijyb, but do no damage. Ijyb hits you with a +0 club.
Casting: Scorch (safe; 4% risk of failure)
Confirm with . or Enter, or press ? or * to list all spells.
Flames lash Ijyb but do no damage.
You constrict Ijyb. Ijyb hits you with a +0 club.
* * * LOW HITPOINT WARNING * * *
You hit Ijyb but do no damage.
Ijyb is almost dead.
You constrict Ijyb, but do no damage.
Ijyb screams, "No!
No, no, no, no!"
Ijyb hits you with a +0 club!
* * * LOW HITPOINT WARNING * * *
You aren't carrying any items that you can evoke.
Unknown command.
Unknown command.
You aren't carrying any items that you can evoke.
Throw: throwing net
Press: ? - help, Q - select action, (/) - cycle Shift-Dir - straight line, f/p - Ijyb
Aim: Ijyb, wielding a +0 club, wearing a +2 chain mail of willpower and carrying a wand of mindburst (10) (almost dead, constricted by you, 89% to hit)
You throw a throwing net. The throwing net hits Ijyb.
Ijyb is caught in the net!
Ijyb is almost dead.
You constrict Ijyb, but do no damage.
Ijyb zaps a wand.
Your mind is blasted!
You die...

#.# #.# #.# #.#
#.# #.# #.#
##############g#
#<)).........@.#
################


You could see Ijyb (caught).

Vanquished Creatures
  3 adders
  7 gnolls
  3 worms (D:2)
  2 dart slugs
  2 ball pythons (D:1)
  3 bats
  3 endoplasms
  8 goblins
  A hobgoblin (D:3)
  4 jackals (D:2)
  6 kobolds
  2 quokkas
  2 frilled lizards (D:1)
  4 rats (D:1)
50 creatures vanquished.

Vanquished Creatures (others)
  142 foxfires
142 creatures vanquished.

Grand Total: 192 creatures vanquished

Notes
Turn   | Place    | Note
-------+----------+-------------------------------------------
     0 | D:1      | Conn the Octopode Fire Elementalist began the quest for the
                  | Orb.
     0 | D:1      | Reached XP level 1. HP: 11/11 MP: 3/3
   146 | D:1      | Reached XP level 2. HP: 17/17 MP: 1/5
   684 | D:1      | Reached XP level 3. HP: 18/21 MP: 6/6
  1133 | D:2      | Learned a level 2 spell: Scorch
  1206 | D:2      | Found a shimmering altar of Xom.
  1307 | D:2      | You fall into a shaft and drop 1 floor!
  1318 | D:3      | Found a blossoming altar of Fedhas.
  1439 | D:2      | Reached XP level 4. HP: 27/27 MP: 1/8
  1554 | D:2      | Learned a level 3 spell: Kindle Blastsparks
  1558 | D:2      | Learned a level 3 spell: Inner Flame
  2396 | D:2      | Reached XP level 5. HP: 17/31 MP: 0/10
  2542 | D:3      | Reached skill level 4 in Fire Magic
  2619 | D:3      | Noticed Ijyb
  2648 | D:3      | HP: 1/32 [Ijyb/+0 club (7)]
  2649 | D:3      | Blown up by Ijyb

Illustrated notes

Levels and vault maps discovered:
D:1:      spicycebolla_green_bress_n_ham, layout_basic, minmay_misc_feat_square,
          minmay_misc_feat_cross, hangedman_decor_peaks_small,
          corexii_corridor_pit
D:2:      layout_basic, basic_altar
D:3:      layout_basic, cheibriados_altar_1, mainiacjoe_overflow_catwalk,
          uniq_grinder, uniq_ijyb

Skill      XL: |  1  2  3  4  5 |
---------------+----------------+-----
Spellcasting   | 3 |  3.4
Stealth        | 3 |  3.1
Fire Magic     | 4 |  4.1
Fighting       | |  0.6
Short Blades   | |  0.8
Dodging        | |  2.3
Conjurations   | |  1.6

Action                   |  1- 3 |  4- 6 || total
-------------------------+-------+-------++-------
Melee: Dagger            |     9 |       ||     9
       Constrict         |     7 |     4 ||    11
       Short sword       |    18 |    21 ||    39
       Tentacles         |     3 |    10 ||    13
Throw: Throwing net      |       |     1 ||     1
 Cast: Foxfire           |    46 |    33 ||    79
       Scorch            |       |    16 ||    16
       Inner Flame       |       |     4 ||     4
  Use: Potion            |       |     5 ||     5
       Scroll            |       |     5 ||     5
 Stab: Sleeping          |     1 |     2 ||     3
Armor: Skin              |     3 |       ||     3
Dodge: Dodged            |    19 |    19 ||    38

Table legend: (Time is in decaauts)
 A = Elapsed time spent in this place.
 B = Non-inter-level travel time spent in this place.
 C = Inter-level travel time spent in this place.
 D = Time resting spent in this place.
 E = Time spent auto-exploring this place.
 F = Levels seen in this place.
 G = Mean time per level.
                   A        B        C        D        E       F      G
               +--------+--------+--------+--------+--------+-----+--------+
         Total |   2638 |   2610 |     28 |    174 |   1726 |   3 |  879.3 |
       Dungeon |   2638 |   2610 |     28 |    174 |   1726 |   3 |  879.3 |
               +--------+--------+--------+--------+--------+-----+--------+

Top non-repeatable levels by time:
     D:1: 1216 daAuts
     D:2: 1166 daAuts
     D:3: 255 daAuts
